 Dungeon Crawl Stone Soup version 0.20-a0-348-gd709e23 (webtiles) character file.

76 HagarQim the Vandal (level 4, -8/29 HPs)
             Began as a Halfling Hunter on Dec 23, 2016.
             Mangled by a gnoll
             ... wielding a +0 halberd
              (13 damage)
             ... on level 3 of the Dungeon.
             The game lasted 00:13:01 (2498 turns).

HagarQim the Vandal (Halfling Hunter)               Turns: 2498, Time: 00:13:02

Health: -8/29      AC:  3    Str: 13    XL:     4   Next: 57%
Magic:  4/4        EV: 15    Int:  9    God:
Gold:   173        SH:  0    Dex: 15    Spells: 3/3 levels left

rFire  . . .     SeeInvis .     p - +2 dagger (venom)
rCold  . . .     Gourm    .     c - +0 leather armour
rNeg   . . .     Faith    .     (shield restricted)
rPois  .         Spirit   .     (no helmet)
rElec  .         Reflect  .     (no cloak)
rCorr  .         Harm     .     (no gloves)
MR     .....                    (no boots)
Stlth  ++........               (no amulet)
                                (no ring)
                                (no ring)

@: no status effects
A: mutation resistance 1
a: no special abilities


You were on level 3 of the Dungeon.
You were not hungry.

You visited 1 branch of the dungeon, and saw 3 of its levels.

You collected 173 gold pieces.

Inventory:

Hand Weapons
 a - a +1 hunting sling
 b - a +0 short sword
 g - a +1 dagger of speed
 h - a +0 dagger
 p - a +2 dagger of venom (weapon)
Missiles
 d - 15 sling bullets
 e - 17 stones (quivered)
Armour
 c - a +0 leather armour (worn)
Scrolls
 k - a scroll of remove curse
Comestibles
 f - a bread ration
 j - a royal jelly
 m - a meat ration
 o - 2 chunks of flesh


   Skills:
 + Level 2.0 Fighting
 + Level 2.1 Short Blades
 + Level 6.6 Slings
 + Level 1.3 Armour
 + Level 2.5 Dodging
 * Level 1.9 Stealth


You had 3 spell levels left.
You didn't know any spells.

Dungeon Overview and Level Annotations

Branches:
Dungeon (3/15)

Altars:
Elyvilon
Gozag
Hepliaklqana
Nemelex Xobeh


Innate Abilities, Weirdness & Mutations

You are small and have problems with some larger weapons.
You are somewhat resistant to further mutation.


Message History

Okay, then.
Throwing (i - inventory):
e - 19 stones (quivered)
Press: ? - help, Shift-Dir - straight line, f - gnoll
Aim: a gnoll, wielding a halberd You throw a stone.
The stone closely misses the gnoll.
A gnoll comes into view. It is wielding a spear.
Throwing (i - inventory):
e - 18 stones (quivered)
Press: ? - help, Shift-Dir - straight line, f/p - gnoll
Aim: a gnoll, wielding a halberd You throw a stone.
The stone closely misses the gnoll.
The gnoll barely misses you.
Wield which item (- for none, * to show all)? (? for menu, Esc to quit)
Okay, then.
The gnoll misses you. The gnoll barely misses you.
Things that are here:
a club; a gnoll corpse You hit the gnoll.
The gnoll is lightly wounded.
The gnoll hits you with a halberd!
You die...

#.
##.##.....####.#. #
#.#.......#.. . #
#....._.....#.# g#.
###.......###.#....
##.....##...g....
##...###........
######.##...#.#...#
#..##....#### # .
##@#......#
#gg....###
#..#...## ##.##.##
##.#.# ####


You could see 2 gnolls.

Vanquished Creatures
  A gnoll (D:3)
  2 adders (D:2)
  An ooze (D:1)
  2 worms (D:2)
  4 bats
  3 giant cockroaches (D:1)
  9 goblins
  3 hobgoblins
  3 jackals (D:3)
  A quokka (D:2)
  2 frilled lizards (D:2)
  3 kobolds
  5 rats
39 creatures vanquished.

Notes
Turn   | Place    | Note
-------+----------+-------------------------------------------
     0 | D:1      | HagarQim the Halfling Hunter began the quest for the Orb.
     0 | D:1      | Reached XP level 1. HP: 14/14 MP: 1/1
    14 | D:1      | Reached skill level 6 in Slings
   173 | D:1      | Reached XP level 2. HP: 14/19 MP: 2/2
   751 | D:1      | Reached XP level 3. HP: 13/24 MP: 3/3
  1277 | D:2      | Reached skill level 1 in Short Blades
  1277 | D:2      | Reached skill level 1 in Armour
  1717 | D:2      | Reached XP level 4. HP: 29/29 MP: 4/4
  2083 | D:2      | Found a white marble altar of Elyvilon.
  2192 | D:2      | Found an opulent altar of Gozag.
  2193 | D:2      | Found a sparkling altar of Nemelex Xobeh.
  2421 | D:3      | Found a hazy altar of Hepliaklqana.
  2457 | D:3      | HP: 1/29 [gnoll/club (6)]
  2498 | D:3      | Mangled by a gnoll

Vault maps used:
D:1:      arrival_zaba_pyramid
D:2:      grunt_temple_overflow_opulence, elyvilon_altar_4
D:3:      lemuel_round_altar, overflow_temple_1_default,
          kennysheep_cross_bottleneck, tgw_sif

Skill      XL: |  1  2  3  4 |
---------------+-------------+-----
Slings         | 6 |  6.6
Fighting       | 2 |  2.0
Short Blades   | 1 2 |  2.1
Armour         | 1 |  1.3
Dodging        | |  2.5
Stealth        | |  1.9

Action                   |  1- 3 |  4- 6 || total
-------------------------+-------+-------++-------
Melee: Short sword       |    33 |       ||    33
       Dagger            |    96 |    30 ||   126
 Fire: Hunting sling     |    19 |     2 ||    21
Throw: Stone             |       |     2 ||     2
  Use: Scroll            |       |     4 ||     4
       Potion            |       |     2 ||     2
 Stab: Sleeping          |       |     1 ||     1
  Eat: Chunk             |     2 |     3 ||     5
Armor: Leather armour    |    28 |     7 ||    35
Dodge: Dodged            |    91 |    20 ||   111
